 Dungeon Crawl Stone Soup version 0.30-a0-949-g53dc5368d7 (webtiles) character file.

Game seed: 5820223789143191654

996 Querens the Shield-Bearer (level 8, -1/64 HPs)
             Began as a Formicid Fighter on Mar 27, 2023.
             Was an Initiate of Okawaru.
             Slain by Prince Ribbit (13 damage)
             ... on level 5 of the Dungeon.
             The game lasted 00:07:50 (2339 turns).

Querens the Shield-Bearer (Formicid Fighter)        Turns: 2339, Time: 00:07:50

Health: -1/64      AC:  7    Str: 26    XL:     8   Next: 42%
Magic:  8/8        EV:  9    Int: 12    God:    Okawaru [......]
Gold:   167        SH:  6    Dex: 13    Spells: 7/7 levels left

rFire   . . .      SeeInvis +    u - +10 short sword "Giantslayer" {pain, rElec Str+3 Int+4 Stlth-}
rCold   . . .      Faith    .    c - +0 buckler
rNeg    . . .      Spirit   .    b - +0 scale mail
rPois   .          Reflect  .    (helmet unavailable)
rElec   +          Rampage  .    (no cloak)
rCorr   .                        (no gloves)
Will    .....                    (no boots) Stlth
                                 (no amulet)
HPRegen 0.30/turn                (no ring)
MPRegen 0.11/turn                (no ring)

@: no status effects
A: permanent stasis, dig shafts and tunnels, antennae 3, four strong arms
a: Dig, Shaft Self, Renounce Religion


You were on level 5 of the Dungeon.
You worshipped Okawaru.
Okawaru was noncommittal.
You visited 2 branches of the dungeon, and saw 6 of its levels.

You collected 167 gold pieces.

Inventory:

Hand Weapons
 a - a +0 war axe
 u - the +10 short sword "Giantslayer" (weapon) {pain, rElec Str+3 Int+4 Stlth-}
   (You found it on level 4 of the Dungeon)

   Str:       It affects your strength (+3).
   Int:       It affects your intelligence (+4).
   rElec:     It insulates you from electricity.
   Stlth:     It makes you less stealthy.
Armour
 b - a +0 scale mail (worn)
 c - a +0 buckler (worn)
 w - the +0 ring mail "Lobb" {rF++ Dex-2}
   (You found it on level 5 of the Dungeon)

   Dex:       It affects your dexterity (-2).
   rF:        It greatly protects you from fire.
Jewellery
 p - a +6 ring of intelligence
 r - a ring of flight
Scrolls
 e - 3 scrolls of teleportation {unknown}
 g - 7 scrolls of identify
 h - 2 scrolls of fog {unknown}
 m - a scroll of acquirement {unknown}
 n - 3 scrolls of blinking {unknown}
 s - 2 scrolls of silence {unknown}
 t - a scroll of fear {unknown}
Potions
 d - 2 potions of might
 f - a potion of haste {unknown}
 i - a potion of attraction {unknown}
 j - 2 potions of curing
 k - 2 potions of berserk rage {unknown}
 l - a potion of lignification {unknown}
 o - a potion of ambrosia {unknown}
 q - 3 potions of heal wounds
 v - a potion of resistance {unknown}


   Skills:
 + Level 6.0 Fighting
 + Level 5.0 Axes
 + Level 5.9 Armour
 + Level 7.2 Shields


You had 7 spell levels left.
You didn't know any spells.
Your spell library contained the following spells:

 Spells                   Type           Power      Damage    Failure   Level
 Kindle Blastsparks       Fire/Tloc/Air  0%         2d10      94%         3
 Fulminant Prism          Conj/Hex       0%         3d5       100%        4
 Iskenderun's Mystic Bla  Conj/Tloc      0%         2d3       100%        4
 Lee's Rapid Deconstruct  Erth           0%         3d4*      100%        5


Dungeon Overview and Level Annotations

Branches:
Dungeon (5/15)             Temple (1/1) D:5

Altars:
Ashenzari
Dithmenos
Elyvilon
Fedhas
Gozag
Hepliaklqana
Kikubaaqudgha
Makhleb
Okawaru
Qazlal
Ru
Sif Muna
Trog
Wu Jian
Xom
Zin

Annotations:
D:5 Prince Ribbit


Innate Abilities, Weirdness & Mutations

You cannot be hasted, slowed, berserked, paralysed or teleported.
You can dig through walls and to a lower floor.
You have a pair of large antennae on your head. (SInv)
Your four strong arms can wield two-handed weapons with a shield.


Message History

Prince Ribbit hits you but does no damage.
You puncture Prince Ribbit!
Prince Ribbit is heavily wounded.
Prince Ribbit hits you.
You miss Prince Ribbit.
Prince Ribbit is heavily wounded.
Prince Ribbit blinks!
Prince Ribbit blinks! x2
No target in view!
No target in view!
Prince Ribbit blinks!
Prince Ribbit blinks!
Prince Ribbit hits you!
You are too injured to fight recklessly!
You are too injured to fight recklessly!
You are too injured to fight recklessly!
You are too injured to fight recklessly!
You barely miss Prince Ribbit.
Prince Ribbit is heavily wounded.
Prince Ribbit hits you!
You barely miss Prince Ribbit.
Prince Ribbit is heavily wounded.
Prince Ribbit hits you!
* * * LOW HITPOINT WARNING * * *
You block Prince Ribbit's attack.
You puncture Prince Ribbit!
Prince Ribbit is severely wounded.
Prince Ribbit blinks!
You aren't carrying any items that you can evoke.
Unknown command.
You have nothing you can fire or use right now.
Unknown command.
Okay, then.
As you read the scroll labelled FOTYRPH TIDOCW, it crumbles to dust.
It is a scroll of identify.
q - 3 potions of heal wounds
As you read the scroll of identify, it crumbles to dust.
j - 2 potions of curing Prince Ribbit hits you!
You die...

#......##
.......
....###.#
#......>#
#)# #)#
##.##
##...##
###..F@.#
#...###.#
#...# #.#
#...###.#
##......#
#.######
#.# ##.##
##
##...##
..


You could see Prince Ribbit.

Vanquished Creatures
  Sigmund (D:2)
  An ice beast (D:5)
  An ogre (D:4)
  A phantom (D:4)
  A jelly (D:5)
  2 hounds
  An orc priest (D:4)
  A sleepcap (D:3)
  Jessica (D:2)
  4 iguanas
  2 orc wizards (D:3)
  Robin (D:2)
  10 adders
  3 gnolls (D:5)
  3 worms
  3 dart slugs
  21 orcs
  9 ball pythons
  7 endoplasms
  4 giant cockroaches
  19 goblins
  7 hobgoblins
  2 jackals (D:1)
  6 quokkas
  2 bats (D:2)
  5 frilled lizards
  5 kobolds
  5 rats
128 creatures vanquished.

Vanquished Creatures (others)
  12 plants
12 creatures vanquished.

Grand Total: 140 creatures vanquished

Notes
Turn   | Place    | Note
-------+----------+-------------------------------------------
     0 | D:1      | Querens the Formicid Fighter began the quest for the Orb.
     0 | D:1      | Reached XP level 1. HP: 18/18 MP: 1/1
    99 | D:1      | Reached XP level 2. HP: 19/24 MP: 2/2
   255 | D:1      | Reached XP level 3. HP: 26/29 MP: 3/3
   417 | D:2      | Noticed Jessica
   422 | D:2      | Killed Jessica
   423 | D:2      | Reached XP level 4. HP: 37/37 MP: 4/4
   828 | D:2      | You fall into a shaft and drop 1 floor!
   837 | D:3      | Reached skill level 5 in Shields
   837 | D:3      | Reached XP level 5. HP: 28/42 MP: 5/5
   909 | D:3      | Reached XP level 6. HP: 45/49 MP: 6/6
   999 | D:3      | Found a hazy altar of Hepliaklqana.
  1152 | D:3      | Found a blossoming altar of Fedhas.
  1254 | D:2      | Noticed Robin
  1268 | D:2      | Killed Robin
  1406 | D:2      | Noticed Sigmund
  1421 | D:2      | Killed Sigmund
  1422 | D:2      | Reached skill level 5 in Fighting
  1422 | D:2      | Reached skill level 6 in Shields
  1422 | D:2      | Reached XP level 7. HP: 20/56 MP: 7/7
  1461 | D:2      | Found a shadowy altar of Dithmenos.
  1536 | D:4      | Reached skill level 5 in Armour
  1577 | D:4      | Identified the +10 short sword "Giantslayer" {pain, rElec
                  | Str+3 Int+4 Stlth-}
  1795 | D:4      | Found a glowing silver altar of Zin.
  1922 | D:4      | Reached XP level 8. HP: 61/63 MP: 8/8
  2006 | D:5      | Entered Level 5 of the Dungeon
  2118 | D:5      | Identified the +0 ring mail "Lobb" {rF++ Dex-2}
  2143 | D:5      | Reached skill level 7 in Shields
  2143 | D:5      | Found a staircase to the Ecumenical Temple.
  2155 | Temple   | Entered the Ecumenical Temple
  2189 | Temple   | Became a worshipper of Warmaster Okawaru
  2304 | D:5      | Noticed Prince Ribbit
  2311 | D:5      | Reached skill level 5 in Axes
  2339 | D:5      | Slain by Prince Ribbit

Illustrated notes

Levels and vault maps discovered:
D:1:      dpeg_arrival_signposts, layout_basic
D:2:      layout_loops_corners, basic_altar, minmay_misc_feat_chi, uniq_sigmund,
          uniq_jessica, uniq_robin
D:3:      layout_rooms, mainiacjoe_overflow_boulevard, fedhas_altar_fruit_tree
D:4:      minmay_evil_eye, layout_cave_pools, mainiacjoe_overflow_24_doors,
          nicolae_concentric_dashed_squares_mild, minmay_lizard_king
D:5:      layout_loops_cross, minmay_temple_entry_sparse_star, minivault_11,
          grunt_decor_cap, uniq_prince_ribbit1
Temple:   cyrus_circular_temple

Skill      XL: |  1  2  3  4  5  6  7  8 |
---------------+-------------------------+-----
Fighting       | 4 5 6 |  6.0
Armour         | 4 5 |  5.9
Axes           | 3 4 5 |  5.0
Shields        | 5 6 7 |  7.2

Action                     |  1- 3 |  4- 6 |  7- 9 || total
---------------------------+-------+-------+-------++-------
  Melee: War axe           |    30 |   165 |    21 ||   216
         Short sword       |       |       |   136 ||   136
    Use: Scroll            |       |       |     2 ||     2
 Armour: Scale mail        |    11 |    78 |    50 ||   139
  Dodge: Dodged            |    14 |    75 |    57 ||   146
  Block: Buckler           |    13 |    37 |    31 ||    81

Table legend: (Time is in decaauts)
 A = Elapsed time spent in this place.
 B = Non-inter-level travel time spent in this place.
 C = Inter-level travel time spent in this place.
 D = Time resting spent in this place.
 E = Time spent auto-exploring this place.
 F = Levels seen in this place.
 G = Mean time per level.
                   A        B        C        D        E       F      G
               +--------+--------+--------+--------+--------+-----+--------+
         Total |   2423 |   2334 |     89 |      0 |      0 |   6 |  403.8 |
       Dungeon |   2375 |   2298 |     77 |      0 |      0 |   5 |  475.0 |
        Temple |     47 |     35 |     12 |      0 |      0 |   1 |   47.0 |
               +--------+--------+--------+--------+--------+-----+--------+

Top non-repeatable levels by time:
     D:2: 800 daAuts
     D:4: 495 daAuts
     D:1: 423 daAuts
     D:3: 369 daAuts
     D:5: 286 daAuts
  Temple: 47 daAuts
